 Dungeon Crawl Stone Soup version 0.28-a0-1510-gd0f6b136d3 (webtiles) character file.

Game seed: 17615453462102112635

197 hashsling the Chucker (level 6, -3/47 HPs)
             Began as a Human Wanderer on Jan 15, 2022.
             Killed by divine providence
             ... invoked by an orc priest
              (14 damage)
             ... on level 4 of the Dungeon.
             The game lasted 00:14:54 (3556 turns).

hashsling the Chucker (Human Wanderer)              Turns: 3556, Time: 00:14:55

Health: -3/47      AC:  8    Str: 11    XL:     6   Next: 5%
Magic:  7/7        EV: 12    Int: 11    God:
Gold:   67         SH:  0    Dex: 17    Spells: 7/7 levels left

rFire   . . .      SeeInvis .   b - +0 hunting sling
rCold   . . .      Faith    .   (no shield)
rNeg    . . .      Spirit   .   f - +0 leather armour
rPois   .          Reflect  .   i - +0 helmet
rElec   .          Harm     .   (no cloak)
rCorr   .          Rampage  .   (no gloves)
Will    .....                   (no boots)
Stlth   +.........              (no amulet)
HPRegen 0.15/turn               p - +4 ring of protection
MPRegen 0.10/turn               (no ring)

@: no status effects
A: no striking features
a: no special abilities


You were on level 4 of the Dungeon.
You visited 1 branch of the dungeon, and saw 4 of its levels.

You collected 67 gold pieces.

Inventory:

Hand Weapons
 a - a +2 vampiric dagger
 b - a +0 hunting sling (weapon)
Missiles
 c - a sling bullet (quivered ammo)
 d - 11 boomerangs
 h - 108 stones
 q - a throwing net
 s - 5 poisoned darts
Armour
 f - a +0 leather armour (worn)
 i - a +0 helmet (worn)
Jewellery
 p - a +4 ring of protection (left hand)
 t - a ring of ice
Scrolls
 e - a scroll of silence {unknown}
 j - a scroll of enchant armour {unknown}
 m - a scroll of holy word {unknown}
 n - 2 scrolls of amnesia {unknown}
 o - a scroll of identify {unknown}
 r - a scroll of teleportation {unknown}
 u - a scroll of fear {unknown}
 w - a scroll of blinking {unknown}
Potions
 g - a potion of haste {unknown}
 k - a potion of invisibility {unknown}
 l - a potion of brilliance {unknown}
 v - a potion of might {unknown}
 x - a potion of resistance {unknown}


   Skills:
 + Level 3.4 Fighting
 - Level 2.0 Short Blades
 + Level 2.8(3.7) Slings
 - Level 3.7(4.2) Throwing
 - Level 1.0 Armour
 + Level 2.6 Dodging
 - Level 1.0 Spellcasting


You had 7 spell levels left.
You didn't know any spells.
Your spell library contained the following spells:

 Spells                   Type           Power      Damage    Failure   Level
 Foxfire                  Conj/Fire      0%         2x1d4     38%         1
 Scorch                   Fire           0%         2d5       54%         2
 Conjure Flame            Conj/Fire      0%         6-21      77%         3
 Inner Flame              Hex/Fire       0%         N/A       77%         3
 Flame Wave               Conj/Fire      0%         2d4       99%         4
 Summon Cactus Giant      Summ           0%         N/A       100%        6


Dungeon Overview and Level Annotations

Branches:
Dungeon (4/15)
 Temple: D:4-7

Altars:

Annotations:
D:4 Pargi


Message History

Press: ? - help, Q - select action, (/) - cycle Shift-Dir - straight line, f - orc
Aim: an orc, wielding a +0 dagger (62% to hit)
You shoot a sling bullet. The sling bullet hits the orc.
The orc is severely wounded.
The orc closely misses you.
Fire: 6 sling bullets
Press: ? - help, Q - select action, (/) - cycle Shift-Dir - straight line, f/p - orc
Aim: an orc, wielding a +0 dagger (62% to hit)
You shoot a sling bullet. The sling bullet hits the orc!
You kill the orc!
Unknown command.
Fire: 5 sling bullets
Press: ? - help, Q - select action, (/) - cycle Shift-Dir - straight line, f - orc priest, p - orc
Aim: an orc priest, wielding a +0 whip and wearing a +0 leather armour (severely wounded, 62% to hit)
You shoot a sling bullet. The sling bullet hits the orc.
The orc is severely wounded.
The orc hits you with a +0 dagger.
The orc priest mumbles some strange prayers to Beogh against you.
Beogh smites you!
* * * LOW HITPOINT WARNING * * *
Fire: 4 sling bullets
Press: ? - help, Q - select action, (/) - cycle Shift-Dir - straight line, f/p - orc priest
Aim: an orc priest, wielding a +0 whip and wearing a +0 leather armour (severely wounded, 62% to hit)
You shoot a sling bullet. The sling bullet barely misses the orc.
The sling bullet closely misses the orc priest.
The orc hits you but does no damage.
Fire: 3 sling bullets
Press: ? - help, Q - select action, (/) - cycle Shift-Dir - straight line, f - orc
Aim: an orc, wielding a +0 dagger (severely wounded, 62% to hit)
You shoot a sling bullet.
The sling bullet closely misses the orc.
The orc hits you but does no damage.
Fire: 2 sling bullets
Press: ? - help, Q - select action, (/) - cycle Shift-Dir - straight line, f - orc priest, p - orc
Aim: an orc priest, wielding a +0 whip and wearing a +0 leather armour (severely wounded, 62% to hit)
You shoot a sling bullet. The sling bullet hits the orc!
You kill the orc!
The orc priest mumbles some strange prayers to Beogh against you.
Beogh smites you!
You die...

##.###..####..##..##
........####.#####.#
##.##........###..##
#.##.#.#######.###
##..<...# ##..##
#####.### ###.# #
#.##########..## ##
#.........#.### ...
###.......##@(#
###.###........o((......
# #.....#######.(.##.(..
# ####..# #..(# ### #
#.## #...# ### #.# #...#
#.## #.# #...( .#.###.#
#.... .....#.#


You could see an orc priest.

Vanquished Creatures
  A hound (D:4)
  An orc wizard (D:4)
  Robin (D:3)
  4 adders
  An adder skeleton (D:4)
  4 worms
  3 dart slugs
  2 orcs (D:4)
  4 endoplasms
  A giant cockroach (D:1)
  15 goblins
  7 hobgoblins
  4 jackals (D:1)
  2 quokkas (D:1)
  5 ball pythons
  6 bats
  5 frilled lizards
  2 kobolds
  4 rats
72 creatures vanquished.

Notes
Turn   | Place    | Note
-------+----------+-------------------------------------------
     0 | D:1      | hashsling the Human Wanderer began the quest for the Orb.
     0 | D:1      | hashsling set off with the following items: a +0 rapier, a
                  | +0 hunting sling, 18 sling bullets, 8 boomerangs, a +0
                  | dagger, a +0 leather armour
     0 | D:1      | Reached XP level 1. HP: 16/16 MP: 2/2
   311 | D:1      | Reached XP level 2. HP: 13/22 MP: 3/3
   675 | D:1      | You fall into a shaft and drop 1 floor!
   749 | D:1      | Reached skill level 1 in Dodging
   812 | D:1      | Reached XP level 3. HP: 28/28 MP: 4/4
  1713 | D:2      | Found a faded altar of an unknown god.
  1754 | D:2      | Reached XP level 4. HP: 34/34 MP: 5/5
  2494 | D:3      | Noticed Robin
  2556 | D:3      | Killed Robin
  2557 | D:3      | Reached XP level 5. HP: 18/40 MP: 6/6
  3381 | D:4      | Noticed Pargi
  3540 | D:4      | Reached XP level 6. HP: 38/47 MP: 7/7
  3556 | D:4      | Killed from afar by an orc priest

Illustrated notes

Levels and vault maps discovered:
D:1:      minmay_arrival_open_corners, layout_basic,
          hangedman_abyss_or_decor_lesser_grid, grunt_decor_fettered
D:2:      kennysheep_big_flooded_room, layout_loops_cross,
          hellmonk_ecumenical_altar_blasted, minivault_4
D:3:      layout_rooms, chequers_garden, uniq_robin
D:4:      layout_loops_cross, grunt_decor_resistance, st_stairs_10,
          serial_park_tiny_2, lexackson_kobold_supper, uniq_pargi

Skill      XL: |  1  2  3  4  5 |
---------------+----------------+-----
Dodging        | 1 2 |  2.6
Slings         | 2 |  2.8
Fighting       | 3 |  3.4
Short Blades   | |  2.0
Throwing       | |  3.7
Armour         | |  1.0
Spellcasting   | |  1.0

Action                   |  1- 3 |  4- 6 || total
-------------------------+-------+-------++-------
Melee: Rapier            |    50 |       ||    50
       Dagger            |       |    56 ||    56
       Quarterstaff      |       |    10 ||    10
 Fire: Hunting sling     |    46 |   128 ||   174
Throw: Boomerang         |       |     6 ||     6
       Dart              |       |     5 ||     5
 Stab: Sleeping          |     1 |       ||     1
Armor: Leather armour    |    14 |    49 ||    63
Dodge: Dodged            |    39 |    61 ||   100

Table legend: (Time is in decaauts)
 A = Elapsed time spent in this place.
 B = Non-inter-level travel time spent in this place.
 C = Inter-level travel time spent in this place.
 D = Time resting spent in this place.
 E = Time spent auto-exploring this place.
 F = Levels seen in this place.
 G = Mean time per level.
                   A        B        C        D        E       F      G
               +--------+--------+--------+--------+--------+-----+--------+
         Total |   3543 |   3470 |     73 |      0 |   2784 |   4 |  885.8 |
       Dungeon |   3543 |   3470 |     73 |      0 |   2784 |   4 |  885.8 |
               +--------+--------+--------+--------+--------+-----+--------+

Top non-repeatable levels by time:
     D:1: 1531 daAuts
     D:3: 964 daAuts
     D:2: 686 daAuts
     D:4: 361 daAuts
